 Dungeon Crawl Stone Soup version 0.30-a0-743-gbfdf073431 (webtiles) character file.

Game seed: 18087621532763394548

18 xian the Magician (level 2, 0/19 HPs)
             Began as a Demonspawn Hedge Wizard on Feb 7, 2023.
             Slain by a jackal (3 damage)
             ... on level 1 of the Dungeon.
             The game lasted 00:02:09 (836 turns).

xian the Magician (Demonspawn Hedge Wizard)          Turns: 836, Time: 00:02:10

Health: 0/19       AC:  2    Str: 10    XL:     2   Next: 51%
Magic:  2/6        EV: 12    Int: 15    God:
Gold:   57         SH:  0    Dex: 12    Spells: 1/7 levels left

rFire   . . .      SeeInvis .    a - +0 dagger
rCold   . . .      Faith    .    (no shield)
rNeg    . . .      Spirit   .    b - +0 robe
rPois   .          Reflect  .    c - +0 hat
rElec   .          Harm     .    (no cloak)
rCorr   .          Rampage  .    (no gloves)
Will    .....                    (no boots)
Stlth   ++                       (no amulet)
HPRegen 0.23/turn                (no ring)
MPRegen 0.10/turn                (no ring)

@: very slightly contaminated
A: powered by death 1
a: no special abilities


You were on level 1 of the Dungeon.
You visited 1 branch of the dungeon, and saw 1 of its levels.

You collected 57 gold pieces.

Inventory:

Hand Weapons
 a - a +0 dagger (weapon)
Armour
 b - a +0 robe (worn)
 c - a +0 hat (worn)
Scrolls
 f - a scroll of immolation {unknown}
 h - a scroll of noise {unknown}
 i - a scroll of fog {unknown}
Potions
 d - a potion of magic
 e - 2 potions of curing {unknown}
 g - a potion of attraction {unknown}


   Skills:
 + Level 0.4 Short Blades
 + Level 1.9 Dodging
 + Level 1.8 Stealth
 + Level 3.4 Spellcasting
 + Level 1.3 Conjurations
 + Level 1.0 Summonings
 + Level 0.8 Translocations


You had one spell level left.
You knew the following spells:

 Your Spells              Type           Power      Damage    Failure   Level
a - Magic Dart            Conj           24%        1d4       11%         1
b - Slow                  Hex            8%         N/A       19%         1
c - Call Imp              Summ           5%         N/A       19%         2
d - Blink                 Tloc           10%        N/A       21%         2

Your spell library contained the following spells:

 Spells                   Type           Power      Damage    Failure   Level
 Cigotuvi's Dreadful Rot  Necr/Pois/Air  4%         N/A       28%         2
 Dazzling Flash           Conj/Hex       8%         N/A       41%         3
 Mephitic Cloud           Conj/Pois/Air  3%         N/A       43%         3
 Agony                    Necr           2%         N/A       99%         5
 Silence                  Hex/Air        1%         N/A       99%         5


Dungeon Overview and Level Annotations

Branches:
Dungeon (1/15)

Altars:


Innate Abilities, Weirdness & Mutations

You regenerate a little health from kills.


Message History

The jackal is moderately wounded.
The jackal barely misses you. The jackal bites you.
You barely miss the jackal.
The jackal is moderately wounded.
The jackal bites you.
You hit the jackal.
The jackal is heavily wounded.
The jackal bites you but does no damage.
The jackal barely misses you.
You hit the jackal.
You kill the jackal!
You barely miss the jackal. The jackal barely misses you.
You closely miss the jackal. The jackal bites you. x2
There's nothing to open nearby.
Casting: Magic Dart (safe; 11% risk of failure)
Confirm with . or Enter, or press ? or * to list all spells.
You miscast Call Imp.
You are very lightly contaminated with residual magic.
Nothing appears to happen.
The jackal bites you but does no damage.
Unknown command.
Casting: Call Imp (safe; 19% risk of failure)
Confirm with . or Enter, or press ? or * to list all spells.
A beastly little devil appears in a puff of flame.
The jackal barely misses you.
The jackal bites you but does no damage.
The jackal attacks as you move away!
The jackal bites you but does no damage.
Your crimson imp blinks!
You closely miss the jackal. The jackal closely misses you.
The jackal bites you. The jackal attacks as you move away!
The jackal bites you but does no damage.
The jackal closely misses your crimson imp.
You swap places.
The jackal misses you. The jackal bites you.
* * * LOW HITPOINT WARNING * * *
The jackal bites you.
* * * LOW HITPOINT WARNING * * *
The jackal bites you.
You die...

#.#######...##.#.....#....####
###....####...##.#.###.#.......##
#................................
..#....####...##.#.#.#.#........)
.##....# #....#.#+#.#.##......##
.##.#### #..#.#.....#.....#....#
###.# #..#.#...........#.##.#
#.#### #.. .#...........#.##.#
###..... #.. .#@5.........#.##.#
.......# ##. .#hh.......#.#.##.#
.......# #.#.#.....#.#.##.#
.......# #.#.#....##+#.##.#
.......# #†#.#............#
.......# # #.#.######........
.......# .##.# #.#.. ............
.......+ ......#.### ###........
.......# #.....# #####....


You could see 2 jackals and a friendly crimson imp (summoned).

Vanquished Creatures
  2 bats (D:1)
  An endoplasm (D:1)
  3 hobgoblins (D:1)
  A jackal (D:1)
  2 kobolds (D:1)
  3 frilled lizards (D:1)
  3 goblins (D:1)
  2 rats (D:1)
17 creatures vanquished.

Notes
Turn   | Place    | Note
-------+----------+-------------------------------------------
     0 | D:1      | xian the Demonspawn Hedge Wizard began the quest for the
                  | Orb.
     0 | D:1      | Reached XP level 1. HP: 13/13 MP: 4/4
   274 | D:1      | Found a faded altar of an unknown god.
   398 | D:1      | Gained mutation: You regenerate a little health from kills.
                  | [demonic ancestry]
   398 | D:1      | Reached XP level 2. HP: 12/19 MP: 3/6
   753 | D:1      | Learned a level 1 spell: Slow
   756 | D:1      | Learned a level 2 spell: Call Imp
   759 | D:1      | Learned a level 2 spell: Blink
   836 | D:1      | Slain by a jackal

Illustrated notes

Levels and vault maps discovered:
D:1:      wander_arrival_desolate, layout_basic,
          chequers_ecumenical_altar_simple

Action                     || total
---------------------------++-------
  Melee: Dagger            ||    41
         Punch             ||     1
   Cast: Magic Dart        ||    28
         Call Imp          ||     1
 Armour: Robe              ||    11
  Dodge: Dodged            ||    35

Table legend: (Time is in decaauts)
 A = Elapsed time spent in this place.
 B = Non-inter-level travel time spent in this place.
 C = Inter-level travel time spent in this place.
 D = Time resting spent in this place.
 E = Time spent auto-exploring this place.
 F = Levels seen in this place.
 G = Mean time per level.
                   A        B        C        D        E       F      G
               +--------+--------+--------+--------+--------+-----+--------+
         Total |    835 |    835 |      0 |      0 |    657 |   1 |  835.0 |
       Dungeon |    835 |    835 |      0 |      0 |    657 |   1 |  835.0 |
               +--------+--------+--------+--------+--------+-----+--------+

Top non-repeatable levels by time:
     D:1: 835 daAuts
